 Dungeon Crawl Stone Soup version 0.30.0-10-gfe55d96785 (webtiles) character file.

Game seed: 14653355118396891401

1001 CaptainMV the Insei (level 8, 0/60 HPs)
             Began as a Gnoll Wanderer on May 16, 2023.
             Slain by a vampire (1 damage)
             ... on level 7 of the Dungeon.
             The game lasted 00:28:27 (3135 turns).

CaptainMV the Insei (Gnoll Wanderer)                Turns: 3135, Time: 00:28:28

Health: 0/60       AC:  5    Str:  9    XL:     8   Next: 20%
Magic:  13/14      EV: 14    Int: 10    God:
Gold:   109        SH:  0    Dex: 18    Spells: 11/15 levels left

rFire   . . .        a - +2 short sword (venom)
rCold   . . .        (no shield)
rNeg    . . .        w - +2 robe
rPois   .            (no helmet)
rElec   .            (no cloak)
rCorr   .            h - +0 pair of gloves
SInv    .            (no boots)
Will    .....        (no amulet)
Stlth   +            (no ring)
HPRegen 0.30/turn    (no ring)
MPRegen 0.14/turn

%: no passive effects
@: confused
A: fangs 1, strong nose, distributed training
a: no special abilities


You were on level 7 of the Dungeon.
You visited 1 branch of the dungeon, and saw 5 of its levels.

You collected 289 gold pieces.
You spent 180 gold pieces at shops.

Inventory:

Hand Weapons
 a - a +2 short sword of venom (weapon)
 b - a +0 sling
 d - a +0 dagger
 m - a +0 long sword
 n - a +2 spear
Missiles
 c - 8 poisoned darts (quivered)
Armour
 h - a +0 pair of gloves (worn)
 w - a +2 robe (worn)
Magical Staves
 g - a staff of fire
Wands
 p - a wand of mindburst (4)
 u - a wand of charming (9)
Scrolls
 e - 2 scrolls of silence
 j - a scroll of noise
 k - 4 scrolls of fog
 o - a scroll of poison
 q - 2 scrolls of teleportation
Potions
 i - 2 potions of haste
 l - a potion of ambrosia {unknown}
 r - a potion of experience
 s - a potion of heal wounds {unknown}


   Skills:
 + Level 4.1 Fighting
 + Level 3.1 Short Blades
 + Level 3.1 Long Blades
 + Level 3.1 Axes
 + Level 3.1 Maces & Flails
 + Level 5.6 Polearms
 + Level 3.1 Staves
 + Level 3.1 Ranged Weapons
 + Level 5.6 Throwing
 + Level 3.1 Armour
 + Level 4.1 Dodging
 + Level 4.0 Stealth
 + Level 3.1 Shields
 + Level 5.6 Unarmed Combat
 + Level 4.3 Spellcasting
 + Level 2.5 Conjurations
 + Level 2.5 Hexes
 + Level 2.5 Summonings
 + Level 2.5 Necromancy
 + Level 2.5 Translocations
 + Level 2.5 Transmutations
 + Level 2.5 Fire Magic
 + Level 2.5 Ice Magic
 + Level 2.5 Air Magic
 + Level 2.5 Earth Magic
 + Level 2.5 Poison Magic
 + Level 3.5 Invocations
 + Level 3.1 Evocations


You had 11 spell levels left.
You knew the following spells:

 Your Spells              Type           Power      Damage    Failure   Level
a - Magic Dart            Conj           28%        1d4       9%          1
b - Mephitic Cloud        Conj/Pois/Air  7%         N/A       26%         3

Your spell library contained the following spells:

 Spells                   Type           Power      Damage    Failure   Level
 Call Imp                 Summ           14%        N/A       13%         2


Dungeon Overview and Level Annotations

Branches:
Dungeon (7/15)
 Temple: D:4-7

Altars:
Dithmenos
Fedhas
Hepliaklqana
Kikubaaqudgha
Ru
Vehumet
Xom
Yredelemnul

Shops:
D:1 [   D:3 :

Annotations:
D:3 exclusion: statue


Innate Abilities, Weirdness & Mutations

You have very sharp teeth.
Your uncanny sense of smell can sniff out nearby items.
Your experience applies equally to all skills.


Message History

You bump into the rock wall.
You feel less confused. Something hits you!
* * * LOW HITPOINT WARNING * * *
Something bites you but does no damage.
Read: scroll of fear
Press: ? - help, Q - select action, (/) - cycle Dir - look around, f - activate You can't see that place.
As you read the scroll of fear, it crumbles to dust.
You assume a fearsome visage.
The black bear looks frightened!
Something hits you.
* * * LOW HITPOINT WARNING * * *
Something barely misses you.
A water moccasin comes into view.
Aiming: Mindburst
Press: ? - help, Q - select action, (/) - cycle Shift-Dir - straight line Nothing appears to happen.
The water moccasin hisses angrily.
You hear a shout!
Something hits you but does no damage. Something bites you but does no damage.
Aiming: Mindburst
Press: ? - help, Q - select action, (/) - cycle Shift-Dir - straight line, f - black bear
Aim: a black bear (fleeing, chance to affect: 77%) Nothing appears to happen.
A sky beast comes into view.
You hear some strange, mumbled words.
You are confused.
You hit something but do no damage.
A centaur comes into view.
A shadow imp comes into view.
Cornered, the black bear turns to fight!
Something hits you!
* * * LOW HITPOINT WARNING * * *
Something barely misses you.
The centaur wields a +0 shortbow.
The centaur shoots an arrow.
The arrow misses you.
You hear a bark!
You hear a shout!
Unknown command.
The shadow imp shouts!
Something hits you.
You die...

#.##...<.....##..###..#
#.##....##.####### ####
.########..# ∆ .#
##.#### #....###
#####..# ##.#
#.#####.#. #@...hSY5.
#.#####.#. #..# ##c..
..... ....#.# .......
....#.# .......


You could see a water moccasin, a black bear, a sky beast, a centaur and a
shadow imp.

Vanquished Creatures
  Pikel (D:7)
  A black bear (D:4)
  An ogre (D:4)
  The ghost of P0WERM0DE the Digger, an amateur MeEE (D:3)
  A phantom (D:4)
  A scorpion (D:3)
  A howler monkey (D:4)
  An iguana (D:4)
  An orc wizard (D:4)
  4 adders
  A worm (D:2)
  2 dart slugs
  5 orcs
  7 ball pythons
  4 endoplasms
  4 giant cockroaches
  8 goblins
  7 hobgoblins
  10 kobolds
  2 quokkas
  4 bats
  4 frilled lizards
  5 rats
76 creatures vanquished.

Notes
Turn   | Place    | Note
-------+----------+-------------------------------------------
     0 | D:1      | CaptainMV the Gnoll Wanderer began the quest for the Orb.
     0 | D:1      | CaptainMV set off with the following items: a +2 spear, a
                  | scroll of fog, 8 poisoned darts, a +0 dagger, a scroll of
                  | silence, a +0 robe.
     0 | D:1      | Reached XP level 1. HP: 17/17 MP: 4/4
    98 | D:1      | Reached XP level 2. HP: 16/23 MP: 5/5
   344 | D:1      | Found Fyit's Armour Emporium.
   425 | D:1      | Reached XP level 3. HP: 28/28 MP: 7/7
   509 | D:2      | Found a sacrificial altar of Ru.
   526 | D:2      | Reached skill level 1 in Invocations
   656 | D:2      | Reached skill level 1 in Short Blades
   656 | D:2      | Reached skill level 1 in Long Blades
   656 | D:2      | Reached skill level 1 in Axes
   656 | D:2      | Reached skill level 1 in Maces & Flails
   656 | D:2      | Reached skill level 1 in Staves
   656 | D:2      | Reached skill level 1 in Ranged Weapons
   656 | D:2      | Reached skill level 1 in Armour
   656 | D:2      | Reached skill level 1 in Shields
   656 | D:2      | Reached skill level 1 in Evocations
   815 | D:2      | Reached XP level 4. HP: 34/34 MP: 8/8
   858 | D:2      | Found a faded altar of an unknown god.
  1391 | D:3      | Found a runed translucent gate.
  1391 | D:3      | Found a runed translucent gate.
  1392 | D:3      | Found a runed translucent gate.
  1581 | D:3      | Noticed P0WERM0DE's ghost (amateur MeEE)
  1605 | D:3      | Killed P0WERM0DE's ghost
  1606 | D:3      | Reached skill level 1 in Conjurations
  1606 | D:3      | Reached skill level 1 in Hexes
  1606 | D:3      | Reached skill level 1 in Summonings
  1606 | D:3      | Reached skill level 1 in Necromancy
  1606 | D:3      | Reached skill level 1 in Translocations
  1606 | D:3      | Reached skill level 1 in Transmutations
  1606 | D:3      | Reached skill level 1 in Fire Magic
  1606 | D:3      | Reached skill level 1 in Ice Magic
  1606 | D:3      | Reached skill level 1 in Air Magic
  1606 | D:3      | Reached skill level 1 in Earth Magic
  1606 | D:3      | Reached skill level 1 in Poison Magic
  1606 | D:3      | Reached XP level 5. HP: 12/41 MP: 9/9
  1832 | D:3      | Found Sisal's Book Emporium.
  1898 | D:3      | Found a radiant altar of Vehumet.
  1898 | D:3      | Noticed a frost-covered statue
  1949 | D:3      | Found a hazy altar of Hepliaklqana.
  1949 | D:3      | Found a shadowy altar of Dithmenos.
  1951 | D:3      | Noticed a shadow
  2225 | D:3      | Bought a book of Minor Magic for 180 gold pieces
  2232 | D:3      | Learned a level 1 spell: Magic Dart
  2236 | D:3      | Learned a level 3 spell: Mephitic Cloud
  2316 | D:4      | Noticed a phantom
  2327 | D:4      | Reached XP level 6. HP: 22/47 MP: 5/11
  2338 | D:4      | HP: 1/47 [phantom (2)]
  2340 | D:4      | Reached skill level 5 in Polearms
  2340 | D:4      | Reached skill level 5 in Throwing
  2340 | D:4      | Reached skill level 5 in Unarmed Combat
  2475 | D:4      | Noticed a black bear
  2492 | D:4      | Killed a black bear
  2578 | D:4      | Found an ancient bone altar of Kikubaaqudgha.
  2591 | D:4      | Reached XP level 7. HP: 52/52 MP: 1/12
  2732 | D:4      | Found a blossoming altar of Fedhas.
  2824 | D:4      | Found a shimmering altar of Xom.
  2846 | D:4      | You fall into a shaft and drop 3 floors!
  2848 | D:7      | Noticed Pikel
  2861 | D:7      | Killed Pikel
  2862 | D:7      | Reached XP level 8. HP: 11/60 MP: 12/14
  3060 | D:7      | Found a basalt altar of Yredelemnul.
  3119 | D:7      | Noticed a vampire
  3134 | D:7      | HP: 1/60 [something (12)]
  3135 | D:7      | Slain by a vampire

Illustrated notes

Levels and vault maps discovered:
D:1:      ncdulo_lavacross, layout_basic, serial_shops,
          nicolae_shop_tiny_real_fake_doors
D:2:      layout_basic, basic_altar, basic_ecumenical_altar
D:3:      layout_loops_ring, riverfiend_overflow_shadow_ancestor,
          vehumet_statue, ebering_ghost_rock_garden, serial_shops, shop,
          minmay_bisected
D:4:      layout_basic, mainiacjoe_overflow_catwalk,
          mainiacjoe_overflow_24_doors, kiku_gazebo_garden_becter
D:7:      layout_rooms, nicolae_ru_the_path_less_chosen,
          makhleb_heckhound_becter, marbit_many_paths,
          minmay_temple_entry_trees, st_stairs_10, nicolae_elemental_shop,
          uniq_pikel, uniq_joseph, uniq_crazy_yiuf_cottage

Skill      XL: |  1  2  3  4  5  6  7 |
---------------+----------------------+-----
Invocations    | 1 2 3 |  3.5
Short Blades   | 1 2 3 |  3.1
Long Blades    | 1 2 3 |  3.1
Axes           | 1 2 3 |  3.1
Maces & Flails | 1 2 3 |  3.1
Staves         | 1 2 3 |  3.1
Ranged Weapons | 1 2 3 |  3.1
Armour         | 1 2 3 |  3.1
Shields        | 1 2 3 |  3.1
Evocations     | 1 2 3 |  3.1
Spellcasting   | 3 4 |  4.3
Fighting       | 3 4 |  4.1
Dodging        | 3 4 |  4.1
Conjurations   | 1 2 |  2.5
Hexes          | 1 2 |  2.5
Summonings     | 1 2 |  2.5
Necromancy     | 1 2 |  2.5
Translocations | 1 2 |  2.5
Transmutations | 1 2 |  2.5
Fire Magic     | 1 2 |  2.5
Ice Magic      | 1 2 |  2.5
Air Magic      | 1 2 |  2.5
Earth Magic    | 1 2 |  2.5
Poison Magic   | 1 2 |  2.5
Stealth        | 3 4 |  4.0
Polearms       | 5 |  5.6
Throwing       | 5 |  5.6
Unarmed Combat | 5 |  5.6

Action                     |  1- 3 |  4- 6 |  7- 9 || total
---------------------------+-------+-------+-------++-------
  Melee: Spear             |   102 |    34 |       ||   136
         Bite              |    13 |     6 |     7 ||    26
         Punch             |     3 |     1 |     3 ||     7
         Short sword       |       |    58 |    44 ||   102
   Cast: Magic Dart        |       |    21 |     3 ||    24
         Mephitic Cloud    |       |     3 |     2 ||     5
  Evoke: Wand              |       |     3 |     3 ||     6
    Use: Scroll            |     1 |     7 |     2 ||    10
         Potion            |     1 |     1 |       ||     2
   Stab: Sleeping          |     6 |     6 |     1 ||    13
         Distracted        |     1 |       |       ||     1
         Confused          |       |     1 |       ||     1
 Armour: Robe              |    27 |    17 |     9 ||    53
  Dodge: Dodged            |    41 |    64 |    26 ||   131
